 Dungeon Crawl Stone Soup version 0.32-a0-913-g739538afd8 (webtiles) character file.

Game seed: 7626518907870467842

46199 EvilEddieB the Reanimator (level 14, -5/95 (99) HPs)
             Began as a Demonspawn Necromancer on Apr 9, 2024.
             Was a High Priest of Hepliaklqana.
             Slain by a +0 war axe of chaos (7 damage)
             ... on level 10 of the Dungeon.
             The game lasted 01:26:27 (17787 turns).

EvilEddieB the Reanimator (Demonspawn Necromancer) Turns: 17787, Time: 01:26:28

HP:   -5/95 (99)    AC: 12    Str: 11    XL:     14   Next: 3%
MP:   26/26         EV: 23    Int: 19    God:    Hepliaklqana [*****.]
Gold: 1118          SH:  0    Dex: 15    Spells: 7/30 levels left

rFire   + + .        u - melded +9 halberd (flame)
rCold   + + .        (shield currently unavailable)
rNeg    + + +        V - melded +4 scale mail of Imusem {Fly rCorr Dex+3}
rPois   ∞            y - melded +1 hat
rElec   +            K - melded +2 cloak {rPois}
rCorr   +            (gloves unavailable)
SInv    .            g - melded +0 pair of boots
Will    +....        H - melded amulet of regeneration
Stlth   +++++        j - melded +4 ring of protection
HPRegen 0.35/turn    z - melded +4 ring of protection
MPRegen 0.20/turn

%: no passive effects
@: wisp-form, flying, studying Short Blades, lightly drained
A: insubstantial, flying, no casting, reduced essence, tiny, thin skeletal
structure 1, powered by death 2, powered by pain 2, (demonic touch 3)
a: Renounce Religion, Recall Ancestor, Ancestor Identity, Transference, Idealise


You were on level 10 of the Dungeon.
You worshipped Hepliaklqana.
Hepliaklqana was extremely pleased with you.
You were an insubstantial wisp.
You visited 3 branches of the dungeon, and saw 17 of its levels.
You also visited: Gauntlet.

You collected 1140 gold pieces.
You spent 22 gold pieces at shops.

Inventory:

Hand Weapons
 u - a +9 halberd of flaming (melded)
 E - a +2 hand axe of distortion
 L - a +4 quarterstaff of chaos
 R - a +4 halberd
 T - a +1 glaive of flaming
Missiles
 k - 142 stones
 v - 5 poisoned darts
 D - 5 boomerangs
 F - 4 javelins
 J - 2 throwing nets
 W - 12 atropa-tipped darts
Armour
 g - a +0 pair of boots (melded)
 y - a +1 hat (melded)
 B - +0 acid dragon scales
 K - a +2 cloak of poison resistance (melded)
 V - the +4 scale mail of Imusem (melded) {Fly rCorr Dex+3}
   (You found it on level 3 of the Lair of Beasts)

   Dex+3:     It affects your dexterity (+3).
   Fly:       It grants you flight.
   rCorr:     It protects you from acid and corrosion.
 Y - +0 steam dragon scales
Magical Staves
 r - the staff of the Telling Augurer {rPois Air Alchemy}
   (You found it on level 5 of the Lair of Beasts)

   [staff of alchemy]

   Base accuracy: +5 Base damage: 5 Base attack delay: 1.2 This weapon's minimum
   attack delay (0.6) is reached at skill level 12.
   rPois:     It protects you from poison.
   Air:       It increases the power of your Air spells.
   Alchemy:   It increases the power of your Alchemy spells.
   It falls into the 'Staves' category.
   It is a two-handed weapon.
 Q - the staff "Segy" {^Contam rElec rN+ Will+++ Dex-3 Air}
   (You found it in a Gauntlet)

   [staff of air]

   Base accuracy: +5 Base damage: 5 Base attack delay: 1.2 This weapon's minimum
   attack delay (0.6) is reached at skill level 12.
   Dex-3:     It affects your dexterity (-3).
   rElec:     It insulates you from electricity.
   rN+:       It protects you from negative energy.
   Will+++:   It greatly increases your willpower.
   ^Contam:   It causes magical contamination when unequipped.
   Air:       It increases the power of your Air spells.
   It falls into the 'Staves' category.
   It is a two-handed weapon.
 Z - a staff of conjuration
Jewellery
 j - a +4 ring of protection (melded)
 m - a ring of fire
 z - a +4 ring of protection (melded)
 H - an amulet of regeneration (melded)
Talismans
 q - a beast talisman
Wands
 x - a wand of mindburst (13)
 I - a wand of warping (14)
 O - a wand of paralysis (7)
 P - a wand of polymorph (5)
 X - a wand of light (12)
Scrolls
 d - a scroll of poison
 e - 7 scrolls of teleportation
 s - 3 scrolls of identify
 C - 2 scrolls of immolation
 S - 2 scrolls of amnesia
Potions
 a - a potion of enlightenment
 b - 4 potions of magic
 c - a potion of cancellation
 f - 6 potions of might
 i - a potion of berserk rage
 l - a potion of brilliance
 n - a potion of haste
 o - a potion of ambrosia
 p - 3 potions of curing
 t - a potion of invisibility
 A - 4 potions of lignification
 M - 2 potions of resistance
Miscellaneous
 h - a Gell's gravitambourine (2/2)
 G - a lightning rod (4/4)


   Skills:
 * Level 10.3 Fighting
 + Level 5.3 Short Blades
 + Level 6.7 Polearms
 + Level 7.3 Armour
 + Level 7.5 Dodging
 * Level 8.1 Stealth
 - Level 0.8 Unarmed Combat
 * Level 8.5 Spellcasting
 + Level 0.1 Conjurations
 + Level 0.9 Hexes
 + Level 10.8 Necromancy
 + Level 8.8 Invocations
 + Level 7.0 Evocations


You had 7 spell levels left.
You knew the following spells:

 Your Spells              Type           Power      Damage    Failure   Level
a - Necrotise             Necr           100%       1d9       1%          1
b - Vampiric Draining     Necr           49%        2d9       1%          3
c - Animate Dead          Necr           49%        N/A       1%          4
d - Cigotuvi's Dreadful   Necr/Alch/Air  42%        N/A       3%          2
e - Curse of Agony        Necr           49%        N/A       2%          5
f - Kiss of Death         Conj/Necr      100%       2d13      1%          1
g - Slow                  Hex            44%        N/A       6%          1
h - Confusing Touch       Hex            11%        N/A       17%         3
i - Magic Dart            Conj           32%        1d4       9%          1
j - Searing Ray           Conj           16%        2d5       12%         2

Your spell library contained the following spells:

 Spells                   Type           Power      Damage    Failure   Level
 Dispel Undead            Necr           49%        3d18      1%          4
 Shock                    Conj/Air       32%        1d5       9%          1
 Martyr's Knell           Necr/Summ      28%        N/A       10%         4
 Lesser Beckoning         Tloc           16%        N/A       13%         2
 Tukima's Dance           Hex            11%        N/A       17%         3
 Dazzling Flash           Conj/Hex       20%        N/A       21%         3
 Inner Flame              Hex/Fire       9%         N/A       22%         3
 Maxwell's Portable Pile  Tloc           8%         2d(6-16)  26%         3
 Passwall                 Erth           8%         N/A       26%         3
 Stone Arrow              Conj/Erth      16%        3d8       26%         3
 Swiftness                Air            8%         N/A       26%         3
 Teleport Other           Tloc           8%         N/A       26%         3
 Volatile Blastmotes      Fire/Tloc      16%        2d11      26%         3
 Dimensional Bullseye     Hex/Tloc       4%         N/A       56%         4
 Fulminant Prism          Conj/Alch      4%         3d5       63%         4
 Iskenderun's Mystic Bla Conj/Tloc 8%             2d4        (+2d1     63%         4
 Airstrike                Air            4%         2d(1-17)  65%         4
 Animate Armour           Summ/Erth      16%        N/A       65%         4
 Ignite Poison            Fire/Alch      8%         N/A       65%         4
 Vhi's Electric Charge    Tloc/Air       16%        N/A       65%         4
 Freezing Cloud           Conj/Ice/Air   4%         6-21      93%         5
 Irradiate                Conj/Alch      4%         3d13      93%         5
 Bombard                  Conj/Erth      4%         9d2       100%        6
 Plasma Beam              Fire/Air       4%         2x1d14    100%        6
 Ignition                 Fire           4%         3d4       100%        8
 Lehudib's Crystal Spear  Conj/Erth      4%         10d3      100%        8


Dungeon Overview and Level Annotations

Branches:
Dungeon (11/15)            Temple (1/1) D:5            Lair (5/5) D:8
 Shoals (0/4) Lair:3        Snake (0/4) Lair:3        Slime (0/5) Lair:5
    Orc (0/2) D:10        Gauntlet (visited)

Altars:
Ashenzari
Cheibriados
Dithmenos
Fedhas
Gozag
Hepliaklqana
Kikubaaqudgha
Makhleb
Nemelex Xobeh
Okawaru
Qazlal
Ru
Sif Muna
Trog
Uskayaw
Vehumet
Wu Jian
Xom
Yredelemnul
Jiyva
Lugonu

Shops:
D:1 *   D:7 :

Portals:
Abyss: Lair:5


Innate Abilities, Weirdness & Mutations

You are an insubstantial wisp.
Your tiny insubstantial body is highly resistant to most damage types.
You are flying.
Your equipment is entirely melded.
You are incapable of wielding weapons or throwing items.
You cannot cast spells.
Your life essence is reduced to manifest your ancestor. (-10% HP)
You have a somewhat thin skeletal structure. (Dex +2, Stealth+)
You regenerate health from kills.
You sometimes gain power by taking damage.
((Your touch may irresistibly damage your foes and sap their willpower.))


Message History

The +0 war axe of chaos misses you.
The +0 war axe of chaos hits you but does no damage.
You hit the +0 war axe of chaos.
The +0 war axe of chaos is heavily damaged.
The +0 war axe of chaos hits you! The +0 war axe of chaos freezes you.
The +0 war axe of chaos hits you but does no damage.
You hit the +0 war axe of chaos but do no damage.
The +0 war axe of chaos is heavily damaged.
The +0 war axe of chaos hits you.
You turn into an insubstantial wisp.
Your +9 halberd of flaming melds into your body.
Your +2 cloak of poison resistance melds into your body.
Your +1 hat melds into your body.
Your +0 pair of boots melds into your body.
The +4 scale mail of Imusem {Fly rCorr Dex+3} melds into your body.
Your +4 ring of protection melds into your body. x2
Your amulet of regeneration melds into your body.
Your +9 halberd of flaming stops flaming.
You float gracefully downwards.
You start to feel less resistant.
The +0 war axe of chaos hits you!
The +0 war axe of chaos completely misses you.
The +0 war axe of chaos hits you!!
* * * LOW HITPOINT WARNING * * *
You suddenly lose the ability to move!
You can move again.
The +0 war axe of chaos attacks as it pursues you!
The +0 war axe of chaos misses you. The +0 war axe of chaos hits you!
* * * LOW HITPOINT WARNING * * *
The +0 war axe of chaos freezes you.
* * * LOW HITPOINT WARNING * * *
The +0 war axe of chaos hits you!
* * * LOW HITPOINT WARNING * * *
Your resistance to elements expires.
The +0 war axe of chaos completely misses you.
As you read the scroll of fog, it dissolves into smoke.
The +0 war axe of chaos closely misses you.
The +0 war axe of chaos attacks as it pursues you!
The +0 war axe of chaos hits you!
You die...
Hepliaklqana delivers you to your ancestors.

................###..######Z#..#.
####...####.......####.....R.....
#.#.# #.......# #..#..###...
#...# #.......# #.....'R#...
###### ######### ###+####Z#R..
#...Z# #........#.#Z
####Z##############+########...
######.#>....§§§§................
....#..#.....§§(v..........#..##.
....#..'.....§§§§§............##.
########.........................
........##'#####........#########
.#..###.#......#...###..#....##..
........##.#####........##..###..
#####....##########......#..###..
....#.#..#........#.#..#.#.......
....#....#........#.#....#.......


You could see a +0 war axe of chaos.

Vanquished Creatures
  Snorg (Lair:4)
  An entropy weaver (shapeshifter) (Lair:5)
  A two-headed ogre (D:9)
  2 death yaks (Lair:3)
  Nergalle (Lair:1)
  A skyshark (Lair:3)
  A thrashing horror (Lair:5)
  Pikel (D:7)
  A salamander (shapeshifter) (Lair:5)
  2 ugly things (Lair:5)
  A moth of wrath (Gauntlet)
  2 black mambas
  3 large abominations (Lair:5)
  A gargoyle (D:10)
  7 cane toads
  A rime drake (Lair:1)
  8 komodo dragons
  2 polar bears
  A raiju (Lair:5)
  5 dream sheep (Lair:5)
  8 blink frogs
  Sigmund (D:5)
  2 ynoxinuls (Lair:5)
  2 wyverns
  Eustachio (D:4)
  2 basilisks (Lair:5)
  25 yaks
  Menkaure (D:4)
  2 redbacks (Gauntlet)
  A steam dragon (D:8)
  A chaos spawn (Lair:5)
  An acid dragon (D:10)
  10 water moccasins
  2 orc warriors
  An ice beast (D:6)
  A black bear (Lair:4)
  2 wolves (Lair:4)
  A centaur (D:5)
  A lemure (D:7)
  A phantom (D:4)
  6 bullfrogs
  A scorpion (D:4)
  6 small abominations (Lair:5)
  7 wights
  A burial acolyte (D:10)
  4 killer bees
  3 howler monkeys
  2 jellies
  A lava snake (Lair:2)
  A gnoll bouda (D:5)
  2 orc priests (D:5)
  A bombardier beetle (D:4)
  Crazy Yiuf (D:7)
  An iguana (D:7)
  7 orc wizards
  Robin (D:4)
  8 adders
  5 gnolls
  A shadow imp (D:6)
  An adder zombie (D:10)
  3 dart slugs
  3 ribbon worms (D:4)
  29 orcs
  4 endoplasms
  2 giant cockroaches
  11 hobgoblins
  7 kobolds
  3 quokkas
  4 ball pythons
  5 bats
  A frilled lizard (D:1)
  10 goblins
  A jackal zombie (D:10)
  2 rats (D:1)
254 creatures vanquished.

Vanquished Creatures (collateral kills)
  A minotaur (Gauntlet)
  A dire elephant (Gauntlet)
  The ghost of Biggs the Skirmisher, a journeyman CoHu (D:10)
  A two-headed ogre (D:9)
  3 death yaks (Lair:3)
  A thrashing horror (Lair:5)
  2 lindwurms (Lair:1)
  An elephant (Gauntlet)
  3 black mambas
  11 cane toads
  Maggie (D:10)
  A rime drake (Lair:5)
  2 komodo dragons
  A polar bear (Lair:3)
  4 blink frogs
  5 dream sheep
  3 spriggans
  A ynoxinul (Lair:5)
  21 yaks
  3 wyverns
  A steam dragon (D:10)
  2 redbacks (Gauntlet)
  15 water moccasins
  An orc warrior (D:10)
  A black bear (Lair:1)
  2 sky beasts (D:7)
  4 small abominations (Lair:5)
  A centaur (D:8)
  A wolf (Lair:4)
  A lemure (D:7)
  2 bullfrogs
  A gnoll sergeant (D:7)
  2 scorpions
  2 wights (D:8)
  3 killer bees (D:8)
  A jelly (D:8)
  An orc priest (D:5)
  A hound (D:6)
  An iguana (D:5)
  2 orc wizards (D:10)
  5 gnolls
  7 orcs
  An endoplasm (D:2)
  A hobgoblin (D:4)
126 creatures vanquished.

Vanquished Creatures (others)
  2 redback zombies (Gauntlet)
  2 black mamba zombies
  A cane toad zombie (Lair:5)
  3 blink frog zombies (Lair:5)
  An elephant zombie (Gauntlet)
  2 wyvern zombies
  6 water moccasin zombies
  19 yak zombies
  A raiju zombie (Lair:5)
  2 wolf zombies (Lair:4)
  A bullfrog zombie (Lair:3)
  15 battlemagi
  An ice beast zombie (D:6)
  2 ancestors (D:7)
  2 gnoll zombies (D:5)
  A bombardier beetle zombie (D:4)
  An endoplasm zombie (D:4)
  A giant cockroach zombie (D:4)
  5 goblin zombies (D:4)
  A hobgoblin zombie (D:4)
  9 orc zombies
78 creatures vanquished.

Grand Total: 458 creatures vanquished

Notes
Turn   | Place    | Note
-------+----------+-------------------------------------------
     0 | D:1      | EvilEddieB the Demonspawn Necromancer began the quest for
                  | the Orb.
     0 | D:1      | Reached XP level 1. HP: 13/13 MP: 3/3
   335 | D:1      | Found Fucidyrph's General Store.
   364 | D:1      | Gained mutation: You regenerate a little health from kills.
                  | [demonic ancestry]
   364 | D:1      | Reached XP level 2. HP: 14/19 MP: 3/5
  1043 | D:2      | Gained mutation: Your touch may inflict minor irresistible
                  | damage on your foes. [demonic ancestry]
  1043 | D:2      | Reached XP level 3. HP: 24/25 MP: 1/6
  1047 | D:2      | Learned a level 3 spell: Vampiric Draining
  1204 | D:1      | Bought a scroll of identify for 22 gold pieces
  1550 | D:2      | Reached skill level 1 in Fighting
  2139 | D:3      | Found an opulent altar of Gozag.
  2244 | D:3      | Reached skill level 1 in Armour
  2244 | D:3      | Reached skill level 5 in Necromancy
  2256 | D:3      | Gained mutation: Your touch may inflict irresistible damage
                  | on your foes. [demonic ancestry]
  2256 | D:3      | Reached XP level 4. HP: 30/32 MP: 0/7
  2511 | D:3      | Found a shimmering altar of Xom.
  2974 | D:3      | Found a burning altar of Makhleb.
  2976 | D:3      | Noticed a blizzard demon
  3131 | D:4      | Gained mutation: You sometimes gain a little power by
                  | taking damage. [demonic ancestry]
  3131 | D:4      | Reached XP level 5. HP: 37/37 MP: 0/8
  3137 | D:4      | Learned a level 4 spell: Animate Dead
  3203 | D:4      | Found a broken altar of Ashenzari.
  3300 | D:4      | Noticed a phantom
  3311 | D:4      | Killed a phantom
  3367 | D:4      | Noticed Eustachio
  3385 | D:4      | Killed Eustachio
  3386 | D:4      | Reached XP level 6. HP: 22/44 MP: 0/10
  3703 | D:4      | Found a sparkling altar of Nemelex Xobeh.
  3733 | D:4      | Noticed Menkaure
  3740 | D:4      | Killed Menkaure
  3741 | D:4      | Gained mutation: You sometimes gain power by taking damage.
                  | [demonic ancestry]
  3741 | D:4      | Reached XP level 7. HP: 47/51 MP: 12/12
  3744 | D:4      | Learned a level 2 spell: Cigotuvi's Dreadful Rot
  3810 | D:4      | Found a hide-covered altar of Uskayaw.
  3998 | D:4      | Noticed Robin
  4059 | D:4      | Killed Robin
  4330 | D:5      | Entered Level 5 of the Dungeon
  4363 | D:5      | Found a staircase to the Ecumenical Temple.
  4465 | Temple   | Entered the Ecumenical Temple
  4475 | Temple   | Became a worshipper of Hepliaklqana the Forgotten
  4985 | D:5      | Gained mutation: Your touch may irresistibly damage your
                  | foes and sap their willpower. [demonic ancestry]
  4985 | D:5      | Reached XP level 8. HP: 31/58 MP: 10/14
  5177 | D:5      | Noticed Sigmund
  5183 | D:5      | Killed Sigmund
  5674 | D:6      | Found a sacrificial altar of Ru.
  6410 | D:6      | Reached skill level 5 in Spellcasting
  6428 | D:6      | Learned a level 5 spell: Curse of Agony
  6711 | D:6      | Reached * piety under Hepliaklqana
  7125 | D:7      | Reached skill level 1 in Polearms
  7142 | D:7      | Reached skill level 1 in Invocations
  7142 | D:7      | Reached XP level 9. HP: 40/58 MP: 6/17
  7147 | D:7      | Reached skill level 1 in Evocations
  7172 | D:7      | Noticed Pikel
  7185 | D:7      | Killed Pikel
  7600 | D:7      | Found Kaothr Naycea's Book Shoppe.
  7661 | D:7      | Found a runed translucent door.
  7662 | D:7      | Noticed Crazy Yiuf
  7668 | D:7      | Killed Crazy Yiuf
  8202 | D:8      | Identified the beast talisman of the Three Hosts {*Corrode
                  | rN+ Str+4}
  8225 | D:8      | Reached ** piety under Hepliaklqana
  8226 | D:8      | Remembered your ancestor Skunky Beaumont as a battlemage
  8269 | D:8      | Found a staircase to the Lair.
  8305 | D:8      | Reached skill level 5 in Stealth
  8603 | D:8      | Reached XP level 10. HP: 64/65 MP: 13/18
  9083 | Lair:1   | Entered Level 1 of the Lair of Beasts
  9105 | Lair:1   | Reached skill level 5 in Fighting
  9117 | Lair:1   | Noticed a cane toad
  9120 | Lair:1   | Noticed a cane toad
  9120 | Lair:1   | Killed a cane toad
  9124 | Lair:1   | Killed a cane toad
  9246 | Lair:1   | Reached skill level 5 in Dodging
  9356 | Lair:1   | Noticed Nergalle
  9361 | Lair:1   | Killed Nergalle
  9363 | Lair:1   | Reached *** piety under Hepliaklqana
  9378 | Lair:1   | Noticed a lindwurm
  9386 | Lair:1   | Noticed a lindwurm
  9391 | Lair:1   | Killed a lindwurm
  9392 | Lair:1   | Reached skill level 5 in Armour
  9398 | Lair:1   | Killed a lindwurm
  9399 | Lair:1   | Reached skill level 5 in Invocations
  9541 | Lair:1   | Gained mutation: You have a somewhat thin skeletal
                  | structure. (Dex +2, Stealth+) [demonic ancestry]
  9541 | Lair:1   | Reached XP level 11. HP: 68/73 MP: 20/20
 10299 | Lair:2   | Got the Dissertation on the Refulgent Zephyr
 10371 | Lair:2   | Reached **** piety under Hepliaklqana
 10435 | Lair:2   | Found a gate leading to a gauntlet.
 10450 | Gauntlet | Entered a Gauntlet
 10450 | Gauntlet | Noticed a fire crab
 10450 | Gauntlet | Noticed a dire elephant
 10450 | Gauntlet | Found a transporter.
 10450 | Gauntlet | Found a transporter.
 10450 | Gauntlet | Found a transporter.
 10459 | Gauntlet | Found a transporter.
 10469 | Gauntlet | Found a transporter.
 10469 | Gauntlet | Noticed a soul eater
 10484 | Gauntlet | Found a transporter.
 10494 | Gauntlet | Found a transporter.
 10509 | Gauntlet | Found a transporter.
 10515 | Gauntlet | Found a transporter.
 10529 | Gauntlet | Found a transporter.
 10546 | Gauntlet | Found a transporter.
 10550 | Gauntlet | Found a transporter.
 10678 | Gauntlet | Killed a dire elephant
 10684 | Gauntlet | Identified the ring "Rolienit" {rF+ Will+}
 10714 | Gauntlet | Identified the ring "Vott" {rF+ rN+ SInv}
 10828 | Gauntlet | Noticed a minotaur
 10847 | Gauntlet | Killed a minotaur
 10848 | Gauntlet | Reached skill level 5 in Polearms
 10859 | Gauntlet | Identified the staff "Segy" {^Contam rElec rN+ Will+++
                  | Dex-3 Air}
 11308 | Lair:3   | Noticed a skyshark
 11321 | Lair:3   | Killed a skyshark
 11348 | Lair:3   | Reached skill level 5 in Evocations
 11349 | Lair:3   | Reached XP level 12. HP: 82/82 MP: 8/22
 11967 | Lair:3   | Identified the +4 scale mail of Imusem {Fly rCorr Dex+3}
 12053 | Lair:3   | Noticed a death yak
 12073 | Lair:3   | Found a staircase to the Snake Pit.
 12103 | Lair:3   | Reached skill level 1 in Short Blades
 12476 | Lair:3   | Found a staircase to the Shoals.
 12574 | Lair:3   | Noticed a death yak
 12575 | Lair:3   | Noticed a death yak
 12577 | Lair:3   | Noticed a death yak
 12579 | Lair:3   | Noticed a death yak
 12584 | Lair:3   | Killed a death yak
 12585 | Lair:3   | Reached skill level 10 in Necromancy
 12591 | Lair:3   | Killed a death yak
 12596 | Lair:3   | Killed a death yak
 12601 | Lair:3   | Killed a death yak
 12614 | Lair:3   | Killed a death yak
 13131 | Lair:4   | Gained mutation: You regenerate health from kills. [demonic
                  | ancestry]
 13131 | Lair:4   | Reached XP level 13. HP: 49/90 MP: 18/24
 13404 | Lair:4   | Reached ***** piety under Hepliaklqana
 13484 | Lair:4   | Noticed Snorg
 13495 | Lair:4   | Killed Snorg
 13701 | Lair:5   | Entered Level 5 of the Lair of Beasts
 13946 | Lair:5   | Learned a level 1 spell: Kiss of Death
 14427 | Lair:5   | Found a staircase to the Slime Pits.
 14427 | Lair:5   | Found a viscous altar of Jiyva.
 14822 | Lair:5   | Reached skill level 10 in Fighting
 14884 | Lair:5   | Reached skill level 5 in Short Blades
 15009 | Lair:5   | Found a corrupted altar of Lugonu.
 15009 | Lair:5   | Found a one-way gate to the infinite horrors of the Abyss.
 15016 | Lair:5   | Identified the staff of the Telling Augurer {rPois Air
                  | Alchemy}
 16079 | D:9      | Found a blossoming altar of Fedhas.
 16128 | D:9      | Learned a level 1 spell: Slow
 16132 | D:9      | Learned a level 3 spell: Confusing Touch
 16623 | D:10     | Entered Level 10 of the Dungeon
 16791 | D:10     | Found a staircase to the Orcish Mines.
 16807 | D:10     | Noticed Maggie
 16812 | D:10     | Killed Maggie
 16854 | D:10     | Learned a level 1 spell: Magic Dart
 16857 | D:10     | Learned a level 2 spell: Searing Ray
 16865 | D:10     | Reached XP level 14. HP: 93/99 MP: 26/26
 16911 | D:10     | Found a runed translucent door.
 16912 | D:10     | Found a shimmering altar of Xom.
 16912 | D:10     | Noticed Biggs's ghost (journeyman CoHu)
 17397 | D:10     | Found an ancient bone altar of Kikubaaqudgha.
 17666 | D:10     | Killed Biggs's ghost
 17780 | D:10     | Paralysed by a +0 war axe of chaos for 1 turns
 17783 | D:10     | HP: 1/95 [+0 war axe of chaos (8)]
 17787 | D:10     | Slain by a +0 war axe of chaos

Illustrated notes

Levels and vault maps discovered:
D:1:      minmay_arrival_stone_box, layout_loops_ring, serial_shops,
          nicolae_shop_window_shopping, st_stairs_10, minmay_fountain_box,
          chequers_serial_rivers_small_b
D:2:      layout_loops_ring, basic_altar
D:3:      layout_loops_ring, mainiacjoe_overflow_cross_hatched,
          makhleb_altar_promises_db, mainiacjoe_overflow_24_doors, serial_bayou,
          serial_bayou_lagoon_b, serial_bayou_ford_a, serial_bayou_pond_c,
          serial_bayou_pond_a, serial_bayou_shore_b, dreamdust_princess_bridge,
          st_stairs_4, serial_bayou_pond_e
D:4:      nicolae_cairo_tiling_large, layout_basic, evilmike_ruin_ashenzari,
          nemelex_altar_shiori, mainiacjoe_overflow_catwalk_spiral,
          minmay_misc_feat_chi, corexii_checkpoint, uniq_menkaure, uniq_robin,
          uniq_eustachio
D:5:      layout_gridville, minmay_temple_entry_junction, uniq_sigmund
D:6:      layout_gridville, amcnicky_altar_gilded,
          serial_library_hellmonk_small_corner
D:7:      layout_basic, serial_shops, nicolae_shop_tiny_real_fake_doors,
          uniq_crazy_yiuf_cottage, uniq_pikel
D:8:      layout_basic, lair_entry_dummy
D:9:      layout_loops_ring, fedhas_ov_isle_minmay
D:10:     layout_stronghold, lemuel_zombie_altar_kikubaaqudgha, orc_0_dummy,
          ebering_ghost_xom, uniq_maggie
D:11:     layout_roguey, eino_house_with_fridge, uniq_sonja
Temple:   hellmonk_temple_flake
Lair:1:   layout_regular_city, nicolae_lair_lindhole, grunt_megastairs_5,
          uniq_nergalle
Lair:2:   layout_gridlike, gauntlet_entry_generic, infiniplex_staircase_pool_2
Lair:3:   layout_layer_cave, shoals_dummy_entry,
          minmay_snake_entry_six_corridors, grunt_megastairs_4
Lair:4:   layout_cellular_growth, forest_entry_grove, serial_bayou_shore_b,
          grunt_megastairs_2, uniq_snorg
Lair:5:   hellmonk_lair_end_abyssal_woods, layout_concentric_octagons,
          slime_entry_1, pdpol_lair_neglected_garden,
          nicolae_quartered_pool_impasse

Skill      XL: |  1  2  3  4  5  6  7  8  9 10 11 12 13 14 |
---------------+-------------------------------------------+-----
Stealth        | 2 3 4 5 6 7 8 |  8.1
Dodging        | 2 3 4 5 6 7 |  7.5
Fighting       | 1 2 3 4 6 7 9 10 | 10.3
Armour         | 1 2 3 4 5 6 7 |  7.3
Necromancy     | 5 6 7 8 9 10 | 10.8
Spellcasting   | 3 4 5 6 7 8 |  8.5
Polearms       | 1 3 4 5 6 |  6.7
Invocations    | 1 3 5 6 7 8 |  8.8
Evocations     | 2 3 5 6 7 |  7.0
Short Blades   | 3 5 |  5.3
Unarmed Combat | |  0.8
Conjurations   | |  0.1
Hexes          | |  0.9

Action                     |  1- 3 |  4- 6 |  7- 9 | 10-12 | 13-15 || total
---------------------------+-------+-------+-------+-------+-------++-------
  Melee: Unarmed           |     5 |       |       |       |       ||     5
         Whip              |    22 |    48 |    37 |       |       ||   107
         Punch             |     1 |       |       |       |       ||     1
         Staff             |     5 |       |       |       |       ||     5
         Touch             |     3 |    10 |    31 |       |       ||    44
         Dagger            |       |       |   122 |       |       ||   122
         Flail             |       |       |     5 |       |       ||     5
         Halberd           |       |       |    83 |   245 |   254 ||   582
  Throw: Stone             |       |       |     1 |       |       ||     1
         Throwing net      |       |       |     1 |       |       ||     1
   Cast: Necrotise         |    63 |    34 |    45 |     6 |     7 ||   155
         Vampiric Draining |       |     3 |    12 |    33 |    11 ||    59
         Animate Dead      |       |       |    10 |     8 |     8 ||    26
         Cigotuvi's Dreadf |       |       |     1 |       |       ||     1
         Searing Ray       |       |       |       |       |     1 ||     1
 Invoke: Ancestor Identity |       |       |     2 |       |       ||     2
         Ancestor Life: Ba |       |       |     1 |       |       ||     1
         Recall Ancestor   |       |       |       |     1 |     1 ||     2
Ability: Begin Untransform |       |       |     2 |       |       ||     2
    Use: Scroll            |     1 |     3 |    14 |     5 |    10 ||    33
         Potion            |       |     1 |     1 |       |     5 ||     7
   Stab: Sleeping          |     3 |       |     4 |    13 |     8 ||    28
         Held in net/web   |       |       |     1 |       |       ||     1
         Distracted        |       |       |       |     7 |     6 ||    13
 Armour: Robe              |    32 |       |       |       |       ||    32
         Leather armour    |       |    71 |   220 |   142 |       ||   433
         Scale mail        |       |       |       |    49 |   287 ||   336
         Skin              |       |       |       |       |     5 ||     5
  Dodge: Dodged            |    31 |    75 |   159 |   134 |   204 ||   603
   Form: Beast             |     1 |       |     1 |       |       ||     2

Table legend: (Time is in decaauts)
 A = Elapsed time spent in this place.
 B = Non-inter-level travel time spent in this place.
 C = Inter-level travel time spent in this place.
 D = Time resting spent in this place.
 E = Time spent auto-exploring this place.
 F = Levels seen in this place.
 G = Mean time per level.
                   A        B        C        D        E       F      G
               +--------+--------+--------+--------+--------+-----+--------+
         Total |  17970 |  16367 |   1603 |    734 |  11777 |  18 |  998.3 |
       Dungeon |  10871 |  10185 |    686 |    628 |   7640 |  11 |  988.3 |
        Temple |    188 |    168 |     20 |    100 |      0 |   1 |  188.0 |
          Lair |   6450 |   5553 |    897 |      6 |   3892 |   5 | 1290.0 |
      Gauntlet |    459 |    459 |      0 |      0 |    244 |   1 |  459.0 |
               +--------+--------+--------+--------+--------+-----+--------+

Top non-repeatable levels by time:
  Lair:3: 1835 daAuts
  Lair:5: 1817 daAuts
     D:5: 1733 daAuts
     D:4: 1232 daAuts
     D:1: 1118 daAuts
    D:10: 1117 daAuts
     D:7: 1113 daAuts
  Lair:1: 1038 daAuts
     D:3: 1011 daAuts
     D:2: 1011 daAuts
     D:6: 979 daAuts
     D:8: 932 daAuts
  Lair:2: 888 daAuts
  Lair:4: 871 daAuts
     D:9: 550 daAuts
